| TOP OF THE 1ST |
|
Sioux Falls Packers batting - Pitching for Duluth-Superior Dukes : RHP William Mills
|
|
Pitching: RHP William Mills
|
|
|
Batting: LHB Reggie West
|
0-0: Ball 1-0: Ball 2-0: Foul Ball, location: 2F 2-1: Foul Ball, location: 2F 2-2: Fly out, F7 (Flyball, 7S, EV 91.9 MPH)
|
|
Batting: RHB Daniel Gausepohl
|
0-0: Swinging Strike 0-1: Ball 1-1: Ball 2-1: Swinging Strike 2-2: Ball 3-2: Fly out, F7 (Flyball, 7D, EV 88.8 MPH)
|
|
Batting: RHB Gregory Norman
|
0-0: Fly out, F6 (Line Drive, 6, EV 73.1 MPH)
|
| Top of the 1st over - 0 runs, 0 hits, 0 errors, 0 left on base; Sioux Falls 0 - Duluth-Superior 0 |
| BOTTOM OF THE 1ST |
|
Duluth-Superior Dukes batting - Pitching for Sioux Falls Packers : RHP Moises Rangel
|
|
Pitching: RHP Moises Rangel
|
|
|
Batting: RHB Hector Cervantes
|
0-0: Ball 1-0: Ball 2-0: Called Strike 2-1: Ball 3-1: Fly out, F7 (Flyball, 7D, EV 103.8 MPH)
|
|
Batting: RHB Jim Ferguson
|
0-0: Ball 1-0: Called Strike 1-1: Ball 2-1: Ground out 5-3 (Groundball, 15, EV 89.4 MPH)
|
|
Batting: RHB Ricky Sheetz
|
0-0: Called Strike 0-1: Foul Ball, location: 2F 0-2: Ball 1-2: Strikes out swinging
|
| Bottom of the 1st over - 0 runs, 0 hits, 0 errors, 0 left on base; Sioux Falls 0 - Duluth-Superior 0 |
| TOP OF THE 2ND |
|
Sioux Falls Packers batting - Pitching for Duluth-Superior Dukes : RHP William Mills
|
|
Batting: LHB Michael Robbins
|
0-0: Foul Ball, location: 2F 0-1: Swinging Strike 0-2: Foul Ball, location: 2F 0-2: Ground out 4-3 (Groundball, 4, EV 101.3 MPH)
|
|
Batting: SHB Gary Springer
|
0-0: Ball 1-0: Ball 2-0: Ball 3-0: Called Strike 3-1: Called Strike 3-2: Fly out, F7 (Flyball, 78M, EV 88.1 MPH)
|
|
Batting: RHB Danny Huffstickler
|
0-0: Called Strike 0-1: Ground out 5-3 (Groundball, 5, EV 84.4 MPH)
|
| Top of the 2nd over - 0 runs, 0 hits, 0 errors, 0 left on base; Sioux Falls 0 - Duluth-Superior 0 |
| BOTTOM OF THE 2ND |
|
Duluth-Superior Dukes batting - Pitching for Sioux Falls Packers : RHP Moises Rangel
|
|
Batting: LHB Ralph Bryant
|
0-0: Called Strike 0-1: Swinging Strike 0-2: Ball 1-2: SINGLE (Groundball, 34S, EV 74.4 MPH) (infield hit)
|
|
Batting: RHB Leo Vargas
|
0-0: Swinging Strike 0-1: Foul Ball, location: 2F 0-2: Ball 1-2: Fly out, F9 (Flyball, 9, EV 86.9 MPH)
|
|
Batting: SHB Garry Humpston
|
0-0: Called Strike 0-1: Swinging Strike 0-2: Strikes out swinging
|
|
Batting: RHB Gary Hinson
|
Pickoff Throw to First - Out! 1-3
|
| Bottom of the 2nd over - 0 runs, 1 hit, 0 errors, 0 left on base; Sioux Falls 0 - Duluth-Superior 0 |
| TOP OF THE 3RD |
|
Sioux Falls Packers batting - Pitching for Duluth-Superior Dukes : RHP William Mills
|
|
Batting: RHB Javier Flores
|
0-0: DOUBLE (Line Drive, 8LD, EV 95.6 MPH)
|
|
Batting: RHB Brian Snitker
|
0-0: Ball Javier Flores steals 3rd base (no throw) 1-0: Ball 2-0: Ground out 5-3 (Groundball, 56S, EV 87.5 MPH) Javier Flores scores
|
|
Batting: RHB Francisco Perez
|
0-0: Called Strike 0-1: Fly out, F8 (Line Drive, 8LM, EV 108.8 MPH)
|
|
Batting: LHB Reggie West
|
0-0: Ball 1-0: Ball 2-0: Called Strike 2-1: Fly out, F4 (Line Drive, 4, EV 65.0 MPH)
|
| Top of the 3rd over - 1 run, 1 hit, 0 errors, 0 left on base; Sioux Falls 1 - Duluth-Superior 0 |
| BOTTOM OF THE 3RD |
|
Duluth-Superior Dukes batting - Pitching for Sioux Falls Packers : RHP Moises Rangel
|
|
Batting: RHB Gary Hinson
|
0-0: Ground out 6-3 (Groundball, 6, EV 80.0 MPH)
|
|
Batting: RHB Scott Loucks
|
0-0: Called Strike 0-1: Fly out, F8 (Flyball, 78D, EV 89.4 MPH)
|
|
Batting: RHB Cecil Whitehead
|
0-0: Swinging Strike 0-1: Ball 1-1: Ball 2-1: Foul Ball, location: 2F 2-2: Ball 3-2: Base on Balls
|
|
Batting: RHB Hector Cervantes
|
0-0: Fly out, F8 (Line Drive, 8RM, EV 91.3 MPH)
|
| Bottom of the 3rd over - 0 runs, 0 hits, 0 errors, 1 left on base; Sioux Falls 1 - Duluth-Superior 0 |
| TOP OF THE 4TH |
|
Sioux Falls Packers batting - Pitching for Duluth-Superior Dukes : RHP William Mills
|
|
Batting: RHB Daniel Gausepohl
|
0-0: Ball 1-0: Foul Ball, location: 2F 1-1: Called Strike 1-2: Ball 2-2: Foul Ball, location: 2F 2-2: Ground out U3 (Groundball, 34S, EV 86.3 MPH)
|
|
Batting: RHB Gregory Norman
|
0-0: Swinging Strike 0-1: Ball 1-1: Called Strike 1-2: Fly out, F5 (Popup, 5L, EV 76.9 MPH)
|
|
Batting: LHB Michael Robbins
|
0-0: Called Strike 0-1: Called Strike 0-2: Ball 1-2: Ball 2-2: Ground out U3 (Groundball, 3, EV 86.9 MPH)
|
| Top of the 4th over - 0 runs, 0 hits, 0 errors, 0 left on base; Sioux Falls 1 - Duluth-Superior 0 |
| BOTTOM OF THE 4TH |
|
Duluth-Superior Dukes batting - Pitching for Sioux Falls Packers : RHP Moises Rangel
|
|
Batting: RHB Jim Ferguson
|
0-0: Ball 1-0: Ball 2-0: Called Strike 2-1: Ball 3-1: Base on Balls
|
|
Batting: RHB Ricky Sheetz
|
0-0: Ball 1-0: Called Strike 1-1: Foul Ball, location: 2F 1-2: Ball 2-2: Ball 3-2: Fly out, F9 (Line Drive, 9, EV 92.5 MPH)
|
|
Batting: LHB Ralph Bryant
|
0-0: Fly out, F8 (Flyball, 8RXD, EV 100.6 MPH)
|
|
Batting: RHB Leo Vargas
|
0-0: Called Strike 0-1: Ball 1-1: Called Strike 1-2: 2-RUN HOME RUN (Flyball, 7D, EV 103.8 MPH), Distance : 354 ft
|
|
Batting: SHB Garry Humpston
|
0-0: Called Strike 0-1: Called Strike 0-2: Ball 1-2: Ground out 6-3 (Groundball, 6, EV 81.9 MPH)
|
| Bottom of the 4th over - 2 runs, 1 hit, 0 errors, 0 left on base; Sioux Falls 1 - Duluth-Superior 2 |
| TOP OF THE 5TH |
|
Sioux Falls Packers batting - Pitching for Duluth-Superior Dukes : RHP William Mills
|
|
Batting: SHB Gary Springer
|
0-0: Foul Ball, location: 2F 0-1: Swinging Strike 0-2: Ball 1-2: Strikes out swinging
|
|
Batting: RHB Danny Huffstickler
|
0-0: Called Strike 0-1: Ball 1-1: Ground out 1-3 (Groundball, 13, EV 69.4 MPH)
|
|
Batting: RHB Javier Flores
|
0-0: Foul Ball, location: 2F 0-1: Called Strike 0-2: Ground out 6-3 (Groundball, 6, EV 84.4 MPH)
|
| Top of the 5th over - 0 runs, 0 hits, 0 errors, 0 left on base; Sioux Falls 1 - Duluth-Superior 2 |
| BOTTOM OF THE 5TH |
|
Duluth-Superior Dukes batting - Pitching for Sioux Falls Packers : RHP Moises Rangel
|
|
Batting: RHB Gary Hinson
|
0-0: Swinging Strike 0-1: Ball 1-1: Ball 2-1: Foul Ball, location: 2F 2-2: Ball 3-2: Strikes out swinging
|
|
Batting: RHB Scott Loucks
|
0-0: Foul Ball, location: 2F 0-1: Ball 1-1: Called Strike 1-2: Ball 2-2: Ball 3-2: Base on Balls
|
|
Batting: RHB Cecil Whitehead
|
0-0: Foul Ball, location: 2F 0-1: Ball 1-1: Ball Passed Ball! Scott Loucks to second 2-1: Foul Ball, location: 2F 2-2: Ground out 5-3 (Groundball, 5, EV 81.9 MPH)
|
|
Batting: RHB Hector Cervantes
|
0-0: Called Strike 0-1: Ball Wild Pitch! Scott Loucks to third 1-1: Ball 2-1: Ground out 5-3 (Groundball, 56, EV 95.0 MPH)
|
| Bottom of the 5th over - 0 runs, 0 hits, 0 errors, 1 left on base; Sioux Falls 1 - Duluth-Superior 2 |
| TOP OF THE 6TH |
|
Sioux Falls Packers batting - Pitching for Duluth-Superior Dukes : RHP William Mills
|
|
Batting: RHB Brian Snitker
|
0-0: Fly out, F8 (Flyball, 8RD, EV 93.1 MPH)
|
|
Batting: RHB Francisco Perez
|
0-0: Called Strike 0-1: Fly out, F7 (Flyball, 78M, EV 88.8 MPH)
|
|
Batting: LHB Reggie West
|
0-0: Called Strike 0-1: Ground out 6-3 (Groundball, 56, EV 84.4 MPH)
|
| Top of the 6th over - 0 runs, 0 hits, 0 errors, 0 left on base; Sioux Falls 1 - Duluth-Superior 2 |
| BOTTOM OF THE 6TH |
|
Duluth-Superior Dukes batting - Pitching for Sioux Falls Packers : RHP Moises Rangel
|
|
Batting: RHB Jim Ferguson
|
0-0: Called Strike 0-1: Foul Ball, location: 2F 0-2: Ball 1-2: Ground out 4-3 (Groundball, 34, EV 105.0 MPH)
|
|
Batting: RHB Ricky Sheetz
|
0-0: Called Strike 0-1: Swinging Strike 0-2: Strikes out swinging
|
|
Batting: LHB Ralph Bryant
|
0-0: Called Strike 0-1: Ball 1-1: Ball 2-1: DOUBLE (Line Drive, 5D, EV 97.5 MPH)
|
|
Batting: RHB Leo Vargas
|
0-0: Ball 1-0: Ball 2-0: Ground out 6-3 (Groundball, 6, EV 86.3 MPH)
|
| Bottom of the 6th over - 0 runs, 1 hit, 0 errors, 1 left on base; Sioux Falls 1 - Duluth-Superior 2 |
| TOP OF THE 7TH |
|
Sioux Falls Packers batting - Pitching for Duluth-Superior Dukes : RHP William Mills
|
|
Batting: RHB Daniel Gausepohl
|
0-0: Ball 1-0: Ground out 1-3 (Groundball, 23, EV 60.0 MPH)
|
|
Batting: RHB Gregory Norman
|
0-0: Ball 1-0: Swinging Strike 1-1: Called Strike 1-2: Ball 2-2: Strikes out swinging
|
|
Batting: LHB Michael Robbins
|
0-0: Foul Ball, location: 2F 0-1: Ball 1-1: Ball 2-1: Foul Ball, location: 2F 2-2: SINGLE (Line Drive, 7S, EV 107.5 MPH)
|
|
Batting: SHB Gary Springer
|
0-0: Ball 1-0: Fly out, F9 (Flyball, 9LM, EV 98.1 MPH)
|
| Top of the 7th over - 0 runs, 1 hit, 0 errors, 1 left on base; Sioux Falls 1 - Duluth-Superior 2 |
| BOTTOM OF THE 7TH |
|
Duluth-Superior Dukes batting - Pitching for Sioux Falls Packers : RHP Moises Rangel
|
|
Batting: SHB Garry Humpston
|
0-0: Ground out 4-3 (Groundball, 4, EV 86.9 MPH)
|
|
Batting: RHB Gary Hinson
|
0-0: Ball 1-0: Ball 2-0: SINGLE (Groundball, 6MD, EV 99.4 MPH)
|
|
Batting: RHB Scott Loucks
|
0-0: Ball 1-0: Ball 2-0: Ball 3-0: Called Strike 3-1: Foul Ball, location: 2F 3-2: Fly out, F9 (Flyball, 89D, EV 101.3 MPH)
|
|
Batting: RHB Cecil Whitehead
|
0-0: Fly out, F3 (Popup, 3L, EV 72.5 MPH)
|
| Bottom of the 7th over - 0 runs, 1 hit, 0 errors, 1 left on base; Sioux Falls 1 - Duluth-Superior 2 |
| TOP OF THE 8TH |
|
Sioux Falls Packers batting - Pitching for Duluth-Superior Dukes : RHP William Mills
|
|
Now at 2B: Everette Smith
|
|
|
Batting: RHB Danny Huffstickler
|
0-0: Ground out 6-3 (Groundball, 6, EV 101.9 MPH)
|
|
Batting: RHB Javier Flores
|
0-0: Swinging Strike 0-1: Swinging Strike 0-2: Foul Ball, location: 2F 0-2: Ground out 4-3 (Groundball, 34, EV 81.9 MPH)
|
|
Batting: RHB Brian Snitker
|
0-0: Ball 1-0: Ground out 6-3 (Groundball, 6, EV 90.6 MPH)
|
| Top of the 8th over - 0 runs, 0 hits, 0 errors, 0 left on base; Sioux Falls 1 - Duluth-Superior 2 |
| BOTTOM OF THE 8TH |
|
Duluth-Superior Dukes batting - Pitching for Sioux Falls Packers : RHP Moises Rangel
|
|
Batting: RHB Hector Cervantes
|
0-0: Ball 1-0: Ground out 6-3 (Groundball, 6, EV 88.1 MPH)
|
|
Batting: RHB Jim Ferguson
|
0-0: Ground out 3-1 (Groundball, 34, EV 84.4 MPH)
|
|
Batting: RHB Everette Smith
|
0-0: Ball 1-0: Called Strike 1-1: Ball 2-1: Swinging Strike 2-2: SINGLE (Groundball, 56D, EV 108.1 MPH)
|
|
Batting: LHB Ralph Bryant
|
0-0: Called Strike 0-1: Ball 1-1: Ball 2-1: Foul Ball, location: 2F 2-2: Strikes out looking
|
| Bottom of the 8th over - 0 runs, 1 hit, 0 errors, 1 left on base; Sioux Falls 1 - Duluth-Superior 2 |
| TOP OF THE 9TH |
|
Sioux Falls Packers batting - Pitching for Duluth-Superior Dukes : RHP William Mills
|
|
Pitching: RHP Kent Johnson
|
|
|
Pinch Hitting: LHB Randy Salava
|
0-0: Called Strike 0-1: Ground out 4-3 (Groundball, 34S, EV 86.3 MPH)
|
|
Batting: LHB Reggie West
|
0-0: Ball 1-0: Fly out, F9 (Flyball, 9, EV 76.9 MPH)
|
|
Batting: RHB Daniel Gausepohl
|
0-0: Ball 1-0: Called Strike 1-1: Called Strike 1-2: Ball 2-2: Ball 3-2: Foul Ball, location: 2F 3-2: SINGLE (Groundball, 6MD, EV 105.6 MPH)
|
|
Batting: RHB Gregory Norman
|
0-0: Swinging Strike 0-1: Foul Ball, location: 2F 0-2: Ball 1-2: Strikes out swinging
|
| Top of the 9th over - 0 runs, 1 hit, 0 errors, 1 left on base; Sioux Falls 1 - Duluth-Superior 2 |
|